Montreal Canadiens vs Winnipeg Jets
Created - Tuesday, May 30, 2023 at 07:00
Goals
|
| Montreal Canadiens |
1 |
0 |
1 |
2 |
| Winnipeg Jets |
1 |
0 |
3 |
4 |
|
Shots
|
| Montreal Canadiens |
10 |
9 |
12 |
31 |
| Winnipeg Jets |
13 |
9 |
16 |
38 |
|
1st period
1. Winnipeg Jets , Nick Suzuki 18 (Tyler Toffoli 16) at 10:40
2. Montreal Canadiens , Dylan Larkin 20 (Patrik Laine 23, Scott Mayfield 9) at 12:32
Penalties :
Jonathan Marchessault (MTL) for Hooking (Minor) at 3:12, Jonathan Marchessault (MTL) for High sticking (Minor) at 19:36
2nd period
No Goal
Penalties :
Martin Necas (MTL) for Holding Stick (Minor) at 8:14
3rd period
3. Winnipeg Jets , Connor McDavid 25 (Joe Pavelski 24) at 0:16
4. Winnipeg Jets , Tyler Toffoli 14 (Nick Suzuki 26, John Klingberg 12) at 1:13 (PP)
5. Montreal Canadiens , Sidney Crosby 23 (Filip Forsberg 36) at 8:39 (PP)
6. Winnipeg Jets , Barclay Goodrow 4 (Andrew Cogliano 4, Eeli Tolvanen 2) at 12:06
Penalties :
Tyler Myers (MTL) for Tripping (Minor) at 1:03, Connor McDavid (WPG) for Slashing (Minor) at 1:49, Kevin Shattenkirk (WPG) for Tripping (Minor) at 8:36
Goalie Stats
Jacob Markstrom (MTL), 34 saves from 38 shots - (0.895), L, 25-15-7, 60:00 minutes
Jake Allen (WPG), 29 saves from 31 shots - (0.935), W, 4-10-5, 60:00 minutes
Players Stats for Montreal Canadiens
Player Name G A P +/- PIM S H SB GA TA FO MP PP MP PK MP
------------------------------------------------------------------------------------
Adam Fox 0 0 0 -1 0 1 0 2 1 2 0/0 26:19 1:13 2:59
Alexandre Carrier 0 0 0 -1 0 0 0 3 0 1 0/0 16:58 0:00 3:08
Brady Skjei 0 0 0 0 0 4 2 2 0 1 0/0 20:07 0:49 3:08
Christian Fischer 0 0 0 0 0 0 3 0 0 0 0/1 11:32 0:03 2:56
Dylan Larkin 1 0 1 1 0 6 2 0 3 1 4/12 15:44 1:13 0:00
Filip Forsberg 0 1 1 -1 0 1 1 0 1 0 0/0 16:07 1:05 0:00
Filip Hronek 0 0 0 0 0 0 1 0 0 1 0/0 16:43 0:49 0:00
Jake Evans 0 0 0 -2 0 1 2 0 0 1 2/4 17:14 0:03 3:11
Jonathan Marchessault 0 0 0 1 4 3 1 0 0 0 0/0 15:39 0:54 0:00
Martin Necas 0 0 0 -1 2 2 2 0 0 0 1/2 18:10 0:54 2:05
Miles Wood 0 0 0 -2 0 2 1 0 1 0 1/1 14:39 0:54 0:00
Patrik Laine 0 1 1 1 0 3 1 0 0 2 0/0 15:54 1:05 0:18
Rasmus Asplund 0 0 0 0 0 1 1 0 0 0 1/1 7:52 0:00 0:00
Scott Mayfield 0 1 1 -1 0 0 1 0 0 0 0/0 13:34 0:00 0:00
Sidney Crosby 1 0 1 -1 0 3 0 0 1 0 13/25 16:07 1:05 0:00
Tomas Nosek 0 0 0 0 0 2 0 0 0 0 1/4 8:40 0:00 0:48
Tyler Myers 0 0 0 -1 2 1 3 3 1 1 0/0 25:05 0:00 2:59
Tyson Jost 0 0 0 -2 0 1 0 0 2 0 4/10 17:25 0:03 2:56
Players Stats for Winnipeg Jets
Player Name G A P +/- PIM S H SB GA TA FO MP PP MP PK MP
------------------------------------------------------------------------------------
Andrew Cogliano 0 1 1 1 0 1 0 0 0 0 0/0 7:50 0:00 0:56
Barclay Goodrow 1 0 1 1 0 1 0 0 0 0 0/2 8:31 0:00 1:00
Brandon Montour 0 0 0 1 0 2 2 2 0 0 0/0 23:01 3:14 1:01
Calen Addison 0 0 0 1 0 0 0 4 0 1 0/0 18:37 0:49 1:01
Connor McDavid 1 0 1 1 2 6 0 2 2 0 12/22 20:25 3:00 0:00
Dante Fabbro 0 0 0 0 0 1 0 0 0 1 0/0 19:38 2:13 0:03
Eeli Tolvanen 0 1 1 1 0 1 0 0 0 0 0/0 7:35 0:00 0:04
Joe Pavelski 0 1 1 1 0 4 0 0 1 2 1/4 19:49 3:00 0:00
John Klingberg 0 1 1 0 0 3 1 0 0 1 0/0 20:04 2:25 0:00
Kevin Shattenkirk 0 0 0 1 2 1 0 2 1 3 0/0 21:15 2:53 0:58
Lucas Raymond 0 0 0 0 0 1 0 0 1 0 0/0 13:31 0:00 0:00
Mark Borowiecki 0 0 0 1 0 0 2 4 0 1 0/0 17:24 0:40 1:01
Mark Stone 0 0 0 0 0 4 3 0 0 0 0/1 18:09 3:07 1:02
Mathew Barzal 0 0 0 0 0 2 0 0 1 0 0/2 13:31 0:00 0:00
Matty Beniers 0 0 0 0 0 4 0 1 0 0 7/10 13:31 0:00 0:00
Nick Suzuki 1 1 2 0 0 3 2 0 1 0 11/17 18:09 3:07 1:02
Ryan Nugent-Hopkins 0 0 0 1 0 3 0 0 1 0 2/2 19:49 3:00 0:00
Tyler Toffoli 1 1 2 0 0 1 0 2 2 1 0/0 17:07 3:07 0:00
3 Stars
1 - Nick Suzuki (WPG)
2 - Tyler Toffoli (WPG)
3 - Barclay Goodrow (WPG)
Power Play
Montreal Canadiens - 1 on 2 Attempt(s) - 50.00%
Winnipeg Jets - 1 on 4 Attempt(s) - 25.00%
Penalty Kill
Montreal Canadiens - 3 on 4 Attempt(s) - 75.00%
- Score 0 goal in Penalty Kill
Winnipeg Jets - 1 on 2 Attempt(s) - 50.00%
- Score 0 goal in Penalty Kill
Team Stat
Montreal Canadiens - Hits : 21 - Faceoff Wins : 27 - Blocked Shots : 10 - Penalty Minutes : 8
Winnipeg Jets - Hits : 10 - Faceoff Wins : 33 - Blocked Shots : 17 - Penalty Minutes : 4
Official
Referees : Evgeny Romasko and Marc Joannette
Linesman : Tim Nowak and Steve Barton
Game Notes
No Game Note
Finance
Level 1 -- Attendance: 5291 (88.18%) -- Ticket Income $486,772
Level 2 -- Attendance: 4946 (98.92%) -- Ticket Income $272,030
Level 3 -- Attendance: 2716 (90.53%) -- Ticket Income $81,480
Level 4 -- Attendance: 4663 (93.26%) -- Ticket Income $102,586
Luxury Box -- Attendance: 963 (96.30%) -- Ticket Income $182,970
Game was played at the MTS Centre.
Total Attendance: 18579 (92.90%)
Total Ticket Income: $1,125,838
Other Income: $394,043
Total Income: $1,519,881
Montreal Canadiens
5 vs 5 Forward
Center Left Wing Right Wing Time % Phy DF OF
1 Sidney Crosby Filip Forsberg Martin Necas 30 1 2 2
2 Dylan Larkin Jonathan Marchessault Patrik Laine 30 1 2 2
3 Tyson Jost Miles Wood Jake Evans 25 1 2 2
4 Tomas Nosek Rasmus Asplund Christian Fischer 15 1 2 2
5 vs 5 Defense
Defense Defense Time % Phy DF OF
1 Adam Fox Tyler Myers 30 1 2 2
2 Brady Skjei Filip Hronek 30 1 2 2
3 Scott Mayfield Alexandre Carrier 25 1 2 2
4 Adam Fox Tyler Myers 15 1 2 2
PowerPlay Forward
Center Left Wing Right Wing Time % Phy DF OF
1 Sidney Crosby Filip Forsberg Patrik Laine 70 1 2 2
2 Martin Necas Jonathan Marchessault Miles Wood 30 1 2 2
PowerPlay Defense
Defense Defense Time % Phy DF OF
1 Adam Fox Dylan Larkin 60 1 2 2
2 Brady Skjei Filip Hronek 40 1 2 2
Penalty Kill 4 Players Forward
Center Wing Time % Phy DF OF
1 Jake Evans Martin Necas 50 1 2 2
2 Tyson Jost Christian Fischer 50 1 2 2
Penalty Kill 4 Players Defense
Defense Defense Time % Phy DF OF
1 Adam Fox Tyler Myers 50 1 2 2
2 Brady Skjei Alexandre Carrier 50 1 2 2
Penalty Kill - 3 Players Forward
Forward Time % Phy DF OF
1 Jake Evans 50 1 2 2
2 Tyson Jost 50 1 2 2
Penalty Kill - 3 Players Defense
Defense Defense Time % Phy DF OF
1 Adam Fox Tyler Myers 50 1 2 2
2 Brady Skjei Alexandre Carrier 50 1 2 2
4 vs 4 Forward
Center Wing Time % Phy DF OF
1 Sidney Crosby Filip Forsberg 50 1 2 2
2 Dylan Larkin Patrik Laine 50 1 2 2
4 vs 4 Defense
Defense Defense Time % Phy DF OF
1 Adam Fox Tyler Myers 50 1 2 2
2 Brady Skjei Filip Hronek 50 1 2 2
Last Minutes Offensive
Center Left Wing Right Wing Defense Defense
Sidney Crosby Filip Forsberg Patrik Laine Adam Fox Dylan Larkin
Last Minutes Defensive
Center Left Wing Right Wing Defense Defense
Jake Evans Christian Fischer Martin Necas Adam Fox Tyler Myers
Goaltenders
Starting : Jacob Markstrom
Backup : Joseph Woll
Extra Forwards
Normal : Jake Evans, Tyson Jost, Tomas Nosek - PP : Jake Evans, Tyson Jost - PK : Tomas Nosek
Extra Defensemen
Normal : Scott Mayfield, Alexandre Carrier, Brady Skjei - PP : Scott Mayfield - PK : Alexandre Carrier, Brady Skjei
Penalty Shots
Sidney Crosby, Filip Forsberg, Dylan Larkin, Patrik Laine, Jonathan Marchessault
Winnipeg Jets
5 vs 5 Forward
Center Left Wing Right Wing Time % Phy DF OF
1 Connor McDavid Ryan Nugent-Hopkins Joe Pavelski 35 1 2 2
2 Nick Suzuki Tyler Toffoli Mark Stone 30 1 2 2
3 Matty Beniers Mathew Barzal Lucas Raymond 25 1 2 2
4 Barclay Goodrow Andrew Cogliano Eeli Tolvanen 10 1 2 2
5 vs 5 Defense
Defense Defense Time % Phy DF OF
1 Brandon Montour Kevin Shattenkirk 35 1 2 2
2 John Klingberg Dante Fabbro 35 1 2 2
3 Calen Addison Mark Borowiecki 30 1 2 2
4 Brandon Montour Dante Fabbro 0 1 2 2
PowerPlay Forward
Center Left Wing Right Wing Time % Phy DF OF
1 Connor McDavid Ryan Nugent-Hopkins Joe Pavelski 50 1 2 2
2 Nick Suzuki Tyler Toffoli Mark Stone 50 1 2 2
PowerPlay Defense
Defense Defense Time % Phy DF OF
1 Brandon Montour John Klingberg 50 1 2 2
2 Dante Fabbro Kevin Shattenkirk 50 1 2 2
Penalty Kill 4 Players Forward
Center Wing Time % Phy DF OF
1 Barclay Goodrow Andrew Cogliano 50 1 2 2
2 Nick Suzuki Mark Stone 50 1 2 2
Penalty Kill 4 Players Defense
Defense Defense Time % Phy DF OF
1 Mark Borowiecki Kevin Shattenkirk 50 1 2 2
2 Brandon Montour Calen Addison 50 1 2 2
Penalty Kill - 3 Players Forward
Forward Time % Phy DF OF
1 Barclay Goodrow 50 1 2 2
2 Ryan Nugent-Hopkins 50 1 2 2
Penalty Kill - 3 Players Defense
Defense Defense Time % Phy DF OF
1 Mark Borowiecki Kevin Shattenkirk 50 1 2 2
2 Dante Fabbro John Klingberg 50 1 2 2
4 vs 4 Forward
Center Wing Time % Phy DF OF
1 Connor McDavid Ryan Nugent-Hopkins 50 1 2 2
2 Joe Pavelski Nick Suzuki 50 1 2 2
4 vs 4 Defense
Defense Defense Time % Phy DF OF
1 Calen Addison John Klingberg 50 1 2 2
2 Brandon Montour Mark Borowiecki 50 1 2 2
Last Minutes Offensive
Center Left Wing Right Wing Defense Defense
Connor McDavid Tyler Toffoli Joe Pavelski Brandon Montour Kevin Shattenkirk
Last Minutes Defensive
Center Left Wing Right Wing Defense Defense
Barclay Goodrow Andrew Cogliano Mark Stone Kevin Shattenkirk Mark Borowiecki
Goaltenders
Starting : Jake Allen
Backup : Chris Driedger
Extra Forwards
Normal : Mathew Barzal, Lucas Raymond, Matty Beniers - PP : Mathew Barzal, Matty Beniers - PK : Eeli Tolvanen
Extra Defensemen
Normal : John Klingberg, Dante Fabbro, Mark Borowiecki - PP : Calen Addison - PK : Dante Fabbro, Calen Addison
Penalty Shots
Connor McDavid, Ryan Nugent-Hopkins, Joe Pavelski, Nick Suzuki, Mark Stone
% Time on Ice - Montreal Canadiens
Lines # - Real PCT - Wanted PCT - Time Play
Normal Forward
1 - 29% - 30% - 15:17
2 - 29% - 30% - 14:57
3 - 27% - 25% - 13:45
4 - 15% - 15% - 7:52
Normal Defense
1 - 31% - 30% - 15:52
2 - 31% - 30% - 16:10
3 - 26% - 25% - 13:34
4 - 12% - 15% - 6:15
PP Forward
1 - 56% - 70% - 1:08
2 - 44% - 30% - 0:54
PP Defense
1 - 60% - 60% - 1:13
2 - 40% - 40% - 0:49
PK Forward
1 - 52% - 50% - 3:11
2 - 48% - 50% - 2:56
PK Defense
1 - 49% - 50% - 2:59
2 - 51% - 50% - 3:08
PK3 Forward
1 - 0% - 50%
2 - 0% - 50%
PK3 Defense
1 - 0% - 50%
2 - 0% - 50%
44 Forward
1 - 0% - 50%
2 - 0% - 50%
44 Defense
1 - 0% - 50%
2 - 0% - 50%
Last Minute Offensive - 0:00
Last Minute Defensive - 0:00
Total
Forward - 60:00
Defense - 60:00
|
% Time on Ice - Winnipeg Jets
Lines # - Real PCT - Wanted PCT - Time Play
Normal Forward
1 - 34% - 35% - 17:35
2 - 27% - 30% - 14:00
3 - 26% - 25% - 13:22
4 - 13% - 10% - 6:54
Normal Defense
1 - 34% - 35% - 17:42
2 - 36% - 35% - 18:26
3 - 30% - 30% - 15:43
4 - 0% - 0% - 0:00
PP Forward
1 - 49% - 50% - 3:00
2 - 51% - 50% - 3:07
PP Defense
1 - 53% - 50% - 3:14
2 - 47% - 50% - 2:53
PK Forward
1 - 49% - 50% - 1:00
2 - 51% - 50% - 1:02
PK Defense
1 - 50% - 50% - 1:01
2 - 50% - 50% - 1:01
PK3 Forward
1 - 0% - 50%
2 - 0% - 50%
PK3 Defense
1 - 0% - 50%
2 - 0% - 50%
44 Forward
1 - 0% - 50%
2 - 0% - 50%
44 Defense
1 - 0% - 50%
2 - 0% - 50%
Last Minute Offensive - 0:00
Last Minute Defensive - 0:00
Total
Forward - 60:00
Defense - 60:00
|
Play-by-Play
1st period
0:01 of 1st period - Connor McDavid wins face-off versus Martin Necas in neutral zone.
0:33 of 1st period - Tyler Myers is hit by Brandon Montour and loses puck.
0:57 of 1st period - Backhand shot by John Klingberg.
0:57 of 1st period - Shot Blocked by Adam Fox.
1:07 of 1st period - Barclay Goodrow is hit by Tyler Myers and loses puck.
1:34 of 1st period - Snap shot by Joe Pavelski.
1:34 of 1st period - Stopped by Jacob Markstrom with a rebound.
1:52 of 1st period - Dante Fabbro is hit by Dylan Larkin and loses puck.
2:33 of 1st period - Wrist shot by Eeli Tolvanen.
2:33 of 1st period - Shot Misses the Net.
2:35 of 1st period - Snap shot by Andrew Cogliano.
2:35 of 1st period - Shot Blocked by Alexandre Carrier.
2:39 of 1st period - Slapshot by Eeli Tolvanen.
2:39 of 1st period - Stopped by Jacob Markstrom with a rebound.
3:05 of 1st period - Snap shot by Connor McDavid.
3:05 of 1st period - Deflect By Ryan Nugent-Hopkins.
3:05 of 1st period - Stopped by Jacob Markstrom without a rebound.
3:06 of 1st period - Nick Suzuki wins face-off versus Dylan Larkin in Montreal Canadiens zone.
3:12 of 1st period - Minor Penalty to Jonathan Marchessault for Hooking.
3:13 of 1st period - Jake Evans wins face-off versus Joe Pavelski in Montreal Canadiens zone.
5:12 of 1st period - Penalty to Jonathan Marchessault is over, Jonathan Marchessault is back on ice.
5:23 of 1st period - Snap shot by Tyson Jost.
5:23 of 1st period - Shot Misses the Net.
5:25 of 1st period - Wrist shot by Brady Skjei.
5:25 of 1st period - Stopped by Jake Allen with a rebound.
5:27 of 1st period - Snap shot by Brady Skjei.
5:27 of 1st period - Deflect By Jonathan Marchessault.
5:27 of 1st period - Stopped by Jake Allen without a rebound.
5:28 of 1st period - Dylan Larkin wins face-off versus Mathew Barzal in Winnipeg Jets zone.
5:53 of 1st period - Barclay Goodrow is hit by Brady Skjei and loses puck.
6:29 of 1st period - Mark Borowiecki is hit by Dylan Larkin and loses puck.
6:52 of 1st period - Snap shot by Joe Pavelski.
6:52 of 1st period - Stopped by Jacob Markstrom with a rebound.
7:15 of 1st period - Filip Hronek is hit by Mark Stone and loses puck.
7:26 of 1st period - Slapshot by Tyson Jost.
7:26 of 1st period - Stopped by Jake Allen with a rebound.
7:28 of 1st period - Slapshot by Brady Skjei.
7:28 of 1st period - Shot Blocked by Kevin Shattenkirk.
7:42 of 1st period - Wrist shot by Sidney Crosby.
7:42 of 1st period - Shot Blocked by Connor McDavid.
8:55 of 1st period - Off-side.
8:56 of 1st period - Connor McDavid wins face-off versus Sidney Crosby in neutral zone.
9:04 of 1st period - Adam Fox is hit by Mark Borowiecki and loses puck.
9:31 of 1st period - Wrist shot by Nick Suzuki.
9:31 of 1st period - Shot Blocked by Brady Skjei.
9:33 of 1st period - Slapshot by Kevin Shattenkirk.
9:33 of 1st period - Deflect By Mark Stone.
9:33 of 1st period - Stopped by Jacob Markstrom with a rebound.
9:35 of 1st period - Snap shot by Mark Stone.
9:35 of 1st period - Shot Misses the Net.
10:05 of 1st period - Wrist shot by Connor McDavid.
10:05 of 1st period - Shot Misses the Net.
10:07 of 1st period - Slapshot by Dante Fabbro.
10:07 of 1st period - Stopped by Jacob Markstrom with a rebound.
10:09 of 1st period - Snap shot by Joe Pavelski.
10:09 of 1st period - Stopped by Jacob Markstrom without a rebound.
10:10 of 1st period - Joe Pavelski wins face-off versus Tyson Jost in Montreal Canadiens zone.
10:29 of 1st period - Slapshot by Ryan Nugent-Hopkins.
10:29 of 1st period - Deflect By Connor McDavid.
10:29 of 1st period - Stopped by Jacob Markstrom without a rebound.
10:30 of 1st period - Sidney Crosby wins face-off versus Nick Suzuki in Montreal Canadiens zone.
10:40 of 1st period - Backhand shot by Nick Suzuki.
10:40 of 1st period - Goal by Nick Suzuki - Montreal Canadiens : 0 - Winnipeg Jets : 1.
10:41 of 1st period - Sidney Crosby wins face-off versus Connor McDavid in neutral zone.
10:44 of 1st period - Brandon Montour is hit by Martin Necas and loses puck.
11:56 of 1st period - Snap shot by Mathew Barzal.
11:56 of 1st period - Shot Misses the Net.
11:58 of 1st period - Snap shot by Connor McDavid.
11:58 of 1st period - Stopped by Jacob Markstrom without a rebound.
11:59 of 1st period - Ryan Nugent-Hopkins wins face-off versus Sidney Crosby in Montreal Canadiens zone.
12:32 of 1st period - Snap shot by Dylan Larkin.
12:32 of 1st period - Goal by Dylan Larkin - Montreal Canadiens : 1 - Winnipeg Jets : 1.
12:33 of 1st period - Nick Suzuki wins face-off versus Tyson Jost in neutral zone.
12:42 of 1st period - Snap shot by Nick Suzuki.
12:42 of 1st period - Stopped by Jacob Markstrom without a rebound.
12:43 of 1st period - Nick Suzuki wins face-off versus Jake Evans in Montreal Canadiens zone.
13:04 of 1st period - Snap shot by Mark Stone.
13:04 of 1st period - Stopped by Jacob Markstrom without a rebound.
13:05 of 1st period - Sidney Crosby wins face-off versus Connor McDavid in Montreal Canadiens zone.
13:12 of 1st period - Snap shot by Sidney Crosby.
13:12 of 1st period - Shot Misses the Net.
13:31 of 1st period - Alexandre Carrier is hit by Nick Suzuki and loses puck.
13:52 of 1st period - Slapshot by Sidney Crosby.
13:52 of 1st period - Stopped by Jake Allen without a rebound.
13:53 of 1st period - Connor McDavid wins face-off versus Dylan Larkin in Winnipeg Jets zone.
14:07 of 1st period - Slapshot by Brady Skjei.
14:07 of 1st period - Shot Misses the Net.
14:09 of 1st period - Snap shot by Brady Skjei.
14:09 of 1st period - Stopped by Jake Allen without a rebound.
14:10 of 1st period - Matty Beniers wins face-off versus Tyson Jost in Winnipeg Jets zone.
15:33 of 1st period - Icing by Tyler Myers.
15:34 of 1st period - Dylan Larkin wins face-off versus Joe Pavelski in Montreal Canadiens zone.
16:03 of 1st period - Wrist shot by Patrik Laine.
16:03 of 1st period - Stopped by Jake Allen with a rebound.
16:05 of 1st period - Slapshot by Tyler Myers.
16:05 of 1st period - Stopped by Jake Allen with a rebound.
16:13 of 1st period - Snap shot by Dylan Larkin.
16:13 of 1st period - Stopped by Jake Allen with a rebound.
16:15 of 1st period - Wrist shot by Adam Fox.
16:15 of 1st period - Deflect By Connor McDavid.
16:15 of 1st period - Stopped by Jake Allen without a rebound.
16:16 of 1st period - Nick Suzuki wins face-off versus Sidney Crosby in Winnipeg Jets zone.
16:27 of 1st period - Snap shot by Mark Stone.
16:27 of 1st period - Deflect By Nick Suzuki.
16:27 of 1st period - Stopped by Jacob Markstrom with a rebound.
17:37 of 1st period - Mark Borowiecki is hit by Brady Skjei and loses puck.
17:50 of 1st period - Calen Addison is hit by Rasmus Asplund and loses puck.
18:01 of 1st period - Mathew Barzal is hit by Jake Evans and loses puck.
18:56 of 1st period - Off-side.
18:57 of 1st period - Matty Beniers wins face-off versus Tomas Nosek in neutral zone.
19:06 of 1st period - Wrist shot by Rasmus Asplund.
19:06 of 1st period - Shot Misses the Net.
19:36 of 1st period - Minor Penalty to Jonathan Marchessault for High sticking.
19:37 of 1st period - Nick Suzuki wins face-off versus Jake Evans in Montreal Canadiens zone.
Goals for this period are 1 for Montreal Canadiens vs 1 for Winnipeg Jets.
Shots for this period are 10 for Montreal Canadiens vs 13 for Winnipeg Jets.
2nd period
0:01 of 2nd period - Tyson Jost wins face-off versus Connor McDavid in neutral zone.
1:36 of 2nd period - Penalty to Jonathan Marchessault is over, Jonathan Marchessault is back on ice.
1:46 of 2nd period - Off-side.
1:47 of 2nd period - Matty Beniers wins face-off versus Dylan Larkin in neutral zone.
1:54 of 2nd period - Snap shot by Lucas Raymond.
1:54 of 2nd period - Stopped by Jacob Markstrom with a rebound.
2:00 of 2nd period - Wrist shot by Patrik Laine.
2:00 of 2nd period - Shot Blocked by Mark Borowiecki.
2:15 of 2nd period - Snap shot by Rasmus Asplund.
2:15 of 2nd period - Shot Misses the Net.
2:17 of 2nd period - Snap shot by Filip Hronek.
2:17 of 2nd period - Shot Misses the Net.
2:23 of 2nd period - Snap shot by Christian Fischer.
2:23 of 2nd period - Shot Blocked by Mark Borowiecki.
2:25 of 2nd period - Snap shot by Rasmus Asplund.
2:25 of 2nd period - Stopped by Jake Allen with a rebound.
2:35 of 2nd period - Wrist shot by Lucas Raymond.
2:35 of 2nd period - Shot Blocked by Tyler Myers.
2:43 of 2nd period - Slapshot by Mark Stone.
2:43 of 2nd period - Stopped by Jacob Markstrom without a rebound.
2:44 of 2nd period - Sidney Crosby wins face-off versus Connor McDavid in Montreal Canadiens zone.
3:40 of 2nd period - Wrist shot by Nick Suzuki.
3:40 of 2nd period - Shot Misses the Net.
3:42 of 2nd period - Snap shot by Mark Stone.
3:42 of 2nd period - Shot Misses the Net.
3:44 of 2nd period - Slapshot by Brandon Montour.
3:44 of 2nd period - Shot Misses the Net.
3:56 of 2nd period - Wrist shot by Dylan Larkin.
3:56 of 2nd period - Stopped by Jake Allen without a rebound.
3:57 of 2nd period - Dylan Larkin wins face-off versus Matty Beniers in Winnipeg Jets zone.
4:35 of 2nd period - Wrist shot by Patrik Laine.
4:35 of 2nd period - Shot Blocked by Calen Addison.
4:56 of 2nd period - Icing by Patrik Laine.
4:57 of 2nd period - Connor McDavid wins face-off versus Dylan Larkin in Montreal Canadiens zone.
5:32 of 2nd period - Slapshot by Dylan Larkin.
5:32 of 2nd period - Stopped by Jake Allen with a rebound.
5:52 of 2nd period - Wrist shot by Ryan Nugent-Hopkins.
5:52 of 2nd period - Stopped by Jacob Markstrom without a rebound.
5:53 of 2nd period - Sidney Crosby wins face-off versus Nick Suzuki in Montreal Canadiens zone.
5:53 of 2nd period - Sidney Crosby is hit by Nick Suzuki.
6:03 of 2nd period - Snap shot by Sidney Crosby.
6:03 of 2nd period - Stopped by Jake Allen without a rebound.
6:04 of 2nd period - Nick Suzuki wins face-off versus Sidney Crosby in Winnipeg Jets zone.
6:11 of 2nd period - Snap shot by Brandon Montour.
6:11 of 2nd period - Shot Blocked by Tyler Myers.
6:43 of 2nd period - Snap shot by Mathew Barzal.
6:43 of 2nd period - Deflect By Jake Evans.
6:43 of 2nd period - Stopped by Jacob Markstrom without a rebound.
6:44 of 2nd period - Connor McDavid wins face-off versus Tomas Nosek in Montreal Canadiens zone.
6:51 of 2nd period - Slapshot by Ryan Nugent-Hopkins.
6:51 of 2nd period - Shot Misses the Net.
6:57 of 2nd period - Snap shot by Connor McDavid.
6:57 of 2nd period - Deflect By Joe Pavelski.
6:57 of 2nd period - Shot Misses the Net.
6:57 of 2nd period - Puck is out of play.
6:58 of 2nd period - Jake Evans wins face-off versus Nick Suzuki in Montreal Canadiens zone.
7:08 of 2nd period - Off-side.
7:09 of 2nd period - Sidney Crosby wins face-off versus Connor McDavid in neutral zone.
7:25 of 2nd period - Adam Fox is hit by John Klingberg and loses puck.
7:56 of 2nd period - Slapshot by Mark Stone.
7:56 of 2nd period - Shot Misses the Net.
7:58 of 2nd period - Wrist shot by John Klingberg.
7:58 of 2nd period - Stopped by Jacob Markstrom without a rebound.
7:59 of 2nd period - Rasmus Asplund wins face-off versus Matty Beniers in Montreal Canadiens zone.
8:08 of 2nd period - Snap shot by Lucas Raymond.
8:08 of 2nd period - Deflect By Matty Beniers.
8:08 of 2nd period - Stopped by Jacob Markstrom with a rebound.
8:10 of 2nd period - Slapshot by Kevin Shattenkirk.
8:10 of 2nd period - Deflect By Mathew Barzal.
8:10 of 2nd period - Shot Misses the Net.
8:10 of 2nd period - Puck is out of play.
8:11 of 2nd period - Ryan Nugent-Hopkins wins face-off versus Sidney Crosby in Montreal Canadiens zone.
8:12 of 2nd period - Snap shot by Connor McDavid.
8:12 of 2nd period - Shot Misses the Net.
8:14 of 2nd period - Minor Penalty to Martin Necas for Holding Stick.
8:15 of 2nd period - Tyson Jost wins face-off versus Nick Suzuki in Montreal Canadiens zone.
8:15 of 2nd period - Tyson Jost is hit by Mark Stone.
8:47 of 2nd period - Slapshot by Ryan Nugent-Hopkins.
8:47 of 2nd period - Shot Blocked by Brady Skjei.
9:20 of 2nd period - Icing by Mark Stone.
9:21 of 2nd period - Nick Suzuki wins face-off versus Christian Fischer in Winnipeg Jets zone.
9:21 of 2nd period - Nick Suzuki is hit by Christian Fischer.
10:14 of 2nd period - Penalty to Martin Necas is over, Martin Necas is back on ice.
10:23 of 2nd period - Backhand shot by Martin Necas.
10:23 of 2nd period - Stopped by Jake Allen without a rebound.
10:24 of 2nd period - Matty Beniers wins face-off versus Sidney Crosby in Winnipeg Jets zone.
11:38 of 2nd period - Snap shot by Filip Forsberg.
11:38 of 2nd period - Stopped by Jake Allen with a rebound.
11:40 of 2nd period - Wrist shot by Filip Forsberg.
11:40 of 2nd period - Shot Misses the Net.
11:42 of 2nd period - Snap shot by Martin Necas.
11:42 of 2nd period - Shot Misses the Net.
11:44 of 2nd period - Slapshot by Alexandre Carrier.
11:44 of 2nd period - Shot Blocked by Brandon Montour.
11:46 of 2nd period - Wrist shot by Sidney Crosby.
11:46 of 2nd period - Shot Blocked by Brandon Montour.
11:56 of 2nd period - Snap shot by Martin Necas.
11:56 of 2nd period - Shot Blocked by Kevin Shattenkirk.
12:42 of 2nd period - Snap shot by Sidney Crosby.
12:42 of 2nd period - Deflect By Martin Necas.
12:42 of 2nd period - Stopped by Jake Allen without a rebound.
12:43 of 2nd period - Tyson Jost wins face-off versus Connor McDavid in Winnipeg Jets zone.
13:10 of 2nd period - Mark Stone is hit by Tyler Myers and loses puck.
13:17 of 2nd period - Snap shot by Tomas Nosek.
13:17 of 2nd period - Stopped by Jake Allen with a rebound.
13:19 of 2nd period - Snap shot by Tomas Nosek.
13:19 of 2nd period - Deflect By Rasmus Asplund.
13:19 of 2nd period - Shot Blocked by Tyler Toffoli.
13:19 of 2nd period - Puck is out of play.
13:20 of 2nd period - Connor McDavid wins face-off versus Dylan Larkin in Winnipeg Jets zone.
15:49 of 2nd period - Icing by Lucas Raymond.
15:50 of 2nd period - Matty Beniers wins face-off versus Dylan Larkin in Winnipeg Jets zone.
16:27 of 2nd period - Slapshot by Adam Fox.
16:27 of 2nd period - Shot Blocked by Connor McDavid.
17:08 of 2nd period - Snap shot by Brady Skjei.
17:08 of 2nd period - Deflect By Miles Wood.
17:08 of 2nd period - Stopped by Jake Allen with a rebound.
18:35 of 2nd period - Dante Fabbro is hit by Christian Fischer and loses puck.
18:40 of 2nd period - Snap shot by Rasmus Asplund.
18:40 of 2nd period - Shot Hit the Post.
18:58 of 2nd period - Snap shot by Matty Beniers.
18:58 of 2nd period - Stopped by Jacob Markstrom with a rebound.
19:00 of 2nd period - Slapshot by John Klingberg.
19:00 of 2nd period - Stopped by Jacob Markstrom with a rebound.
19:02 of 2nd period - Slapshot by John Klingberg.
19:02 of 2nd period - Stopped by Jacob Markstrom without a rebound.
19:03 of 2nd period - Connor McDavid wins face-off versus Sidney Crosby in Montreal Canadiens zone.
Goals for this period are 0 for Montreal Canadiens vs 0 for Winnipeg Jets.
Shots for this period are 9 for Montreal Canadiens vs 9 for Winnipeg Jets.
3rd period
0:01 of 3rd period - Tyson Jost wins face-off versus Connor McDavid in neutral zone.
0:16 of 3rd period - Slapshot by Connor McDavid.
0:16 of 3rd period - Goal by Connor McDavid - Montreal Canadiens : 1 - Winnipeg Jets : 2.
0:17 of 3rd period - Sidney Crosby wins face-off versus Connor McDavid in neutral zone.
0:46 of 3rd period - Mark Stone is hit by Tyler Myers and loses puck.
0:53 of 3rd period - Slapshot by Miles Wood.
0:53 of 3rd period - Shot Misses the Net.
1:03 of 3rd period - Minor Penalty to Tyler Myers for Tripping.
1:04 of 3rd period - Nick Suzuki wins face-off versus Tyson Jost in Montreal Canadiens zone.
1:05 of 3rd period - Snap shot by Mark Stone.
1:05 of 3rd period - Stopped by Jacob Markstrom with a rebound.
1:07 of 3rd period - Wrist shot by Tyler Toffoli.
1:07 of 3rd period - Shot Blocked by Alexandre Carrier.
1:09 of 3rd period - Snap shot by John Klingberg.
1:09 of 3rd period - Shot Blocked by Alexandre Carrier.
1:11 of 3rd period - Snap shot by Nick Suzuki.
1:11 of 3rd period - Shot Misses the Net.
1:13 of 3rd period - Snap shot by Tyler Toffoli.
1:13 of 3rd period - Goal by Tyler Toffoli - Montreal Canadiens : 1 - Winnipeg Jets : 3.
1:14 of 3rd period - Sidney Crosby wins face-off versus Connor McDavid in neutral zone.
1:27 of 3rd period - Snap shot by Connor McDavid.
1:27 of 3rd period - Stopped by Jacob Markstrom without a rebound.
1:28 of 3rd period - Connor McDavid wins face-off versus Tyson Jost in Montreal Canadiens zone.
1:41 of 3rd period - Wrist shot by Miles Wood.
1:41 of 3rd period - Shot Misses the Net.
1:49 of 3rd period - Minor Penalty to Connor McDavid for Slashing.
1:50 of 3rd period - Sidney Crosby wins face-off versus Barclay Goodrow in Winnipeg Jets zone.
2:17 of 3rd period - Mark Stone is hit by Martin Necas and loses puck.
2:40 of 3rd period - Barclay Goodrow is hit by Patrik Laine and loses puck.
3:49 of 3rd period - Penalty to Connor McDavid is over, Connor McDavid is back on ice.
3:51 of 3rd period - Brandon Montour is hit by Filip Hronek and loses puck.
4:03 of 3rd period - Icing by Brandon Montour.
4:04 of 3rd period - Tomas Nosek wins face-off versus Barclay Goodrow in Winnipeg Jets zone.
4:15 of 3rd period - Slapshot by Brandon Montour.
4:15 of 3rd period - Stopped by Jacob Markstrom with a rebound.
4:50 of 3rd period - Snap shot by Filip Forsberg.
4:50 of 3rd period - Shot Misses the Net.
4:52 of 3rd period - Wrist shot by Filip Forsberg.
4:52 of 3rd period - Deflect By Sidney Crosby.
4:52 of 3rd period - Shot Blocked by Calen Addison.
4:52 of 3rd period - Puck is out of play.
4:53 of 3rd period - Dylan Larkin wins face-off versus Nick Suzuki in Winnipeg Jets zone.
5:31 of 3rd period - Miles Wood is hit by Mark Stone and loses puck.
6:55 of 3rd period - Off-side.
6:56 of 3rd period - Sidney Crosby wins face-off versus Matty Beniers in neutral zone.
7:00 of 3rd period - Off-side.
7:01 of 3rd period - Matty Beniers wins face-off versus Sidney Crosby in neutral zone.
7:10 of 3rd period - Wrist shot by Mathew Barzal.
7:10 of 3rd period - Stopped by Jacob Markstrom with a rebound.
8:21 of 3rd period - Snap shot by Patrik Laine.
8:21 of 3rd period - Deflect By Dylan Larkin.
8:21 of 3rd period - Stopped by Jake Allen with a rebound.
8:23 of 3rd period - Backhand shot by Jonathan Marchessault.
8:23 of 3rd period - Stopped by Jake Allen with a rebound.
8:25 of 3rd period - Snap shot by Patrik Laine.
8:25 of 3rd period - Shot Blocked by Mark Borowiecki.
8:27 of 3rd period - Snap shot by Patrik Laine.
8:27 of 3rd period - Shot Misses the Net.
8:29 of 3rd period - Snap shot by Brady Skjei.
8:29 of 3rd period - Stopped by Jake Allen without a rebound.
8:30 of 3rd period - Sidney Crosby wins face-off versus Joe Pavelski in Winnipeg Jets zone.
8:36 of 3rd period - Minor Penalty to Kevin Shattenkirk for Tripping.
8:37 of 3rd period - Sidney Crosby wins face-off versus Mark Stone in Winnipeg Jets zone.
8:39 of 3rd period - Slapshot by Sidney Crosby.
8:39 of 3rd period - Goal by Sidney Crosby - Montreal Canadiens : 2 - Winnipeg Jets : 3.
8:40 of 3rd period - Connor McDavid wins face-off versus Sidney Crosby in neutral zone.
8:43 of 3rd period - Slapshot by Brandon Montour.
8:43 of 3rd period - Shot Blocked by Tyler Myers.
8:45 of 3rd period - Slapshot by Brandon Montour.
8:45 of 3rd period - Shot Blocked by Adam Fox.
8:47 of 3rd period - Slapshot by Kevin Shattenkirk.
8:47 of 3rd period - Stopped by Jacob Markstrom without a rebound.
8:48 of 3rd period - Connor McDavid wins face-off versus Sidney Crosby in Montreal Canadiens zone.
9:05 of 3rd period - Wrist shot by Ryan Nugent-Hopkins.
9:05 of 3rd period - Shot Misses the Net.
9:07 of 3rd period - Slapshot by Joe Pavelski.
9:07 of 3rd period - Stopped by Jacob Markstrom with a rebound.
9:09 of 3rd period - Slapshot by Brandon Montour.
9:09 of 3rd period - Shot Misses the Net.
9:11 of 3rd period - Snap shot by Brandon Montour.
9:11 of 3rd period - Deflect By Filip Forsberg.
9:11 of 3rd period - Stopped by Jacob Markstrom with a rebound.
9:13 of 3rd period - Wrist shot by Connor McDavid.
9:13 of 3rd period - Stopped by Jacob Markstrom without a rebound.
9:14 of 3rd period - Miles Wood wins face-off versus Nick Suzuki in Montreal Canadiens zone.
9:19 of 3rd period - Brady Skjei is hit by Mark Borowiecki.
9:40 of 3rd period - Matty Beniers is hit by Jonathan Marchessault and loses puck.
12:04 of 3rd period - Snap shot by Andrew Cogliano.
12:04 of 3rd period - Stopped by Jacob Markstrom with a rebound.
12:06 of 3rd period - Snap shot by Barclay Goodrow.
12:06 of 3rd period - Goal by Barclay Goodrow - Montreal Canadiens : 2 - Winnipeg Jets : 4.
12:07 of 3rd period - Nick Suzuki wins face-off versus Tyson Jost in neutral zone.
13:00 of 3rd period - Snap shot by Miles Wood.
13:00 of 3rd period - Shot Blocked by Matty Beniers.
13:02 of 3rd period - Snap shot by Miles Wood.
13:02 of 3rd period - Deflect By Tyson Jost.
13:02 of 3rd period - Shot Misses the Net.
13:02 of 3rd period - Puck is out of play.
13:03 of 3rd period - Connor McDavid wins face-off versus Sidney Crosby in Winnipeg Jets zone.
13:03 of 3rd period - Connor McDavid is hit by Filip Forsberg.
13:32 of 3rd period - Off-side.
13:33 of 3rd period - Nick Suzuki wins face-off versus Dylan Larkin in neutral zone.
13:50 of 3rd period - Snap shot by Patrik Laine.
13:50 of 3rd period - Stopped by Jake Allen with a rebound.
13:52 of 3rd period - Snap shot by Alexandre Carrier.
13:52 of 3rd period - Shot Blocked by Tyler Toffoli.
13:54 of 3rd period - Snap shot by Patrik Laine.
13:54 of 3rd period - Stopped by Jake Allen without a rebound.
13:55 of 3rd period - Connor McDavid wins face-off versus Sidney Crosby in Winnipeg Jets zone.
14:22 of 3rd period - Calen Addison is hit by Christian Fischer and loses puck.
14:27 of 3rd period - Snap shot by Rasmus Asplund.
14:27 of 3rd period - Shot Misses the Net.
14:29 of 3rd period - Slapshot by Brady Skjei.
14:29 of 3rd period - Stopped by Jake Allen with a rebound.
14:31 of 3rd period - Snap shot by Tomas Nosek.
14:31 of 3rd period - Stopped by Jake Allen with a rebound.
14:33 of 3rd period - Snap shot by Tomas Nosek.
14:33 of 3rd period - Shot Misses the Net.
14:35 of 3rd period - Slapshot by Filip Hronek.
14:35 of 3rd period - Shot Blocked by Calen Addison.
14:51 of 3rd period - Snap shot by Jonathan Marchessault.
14:51 of 3rd period - Stopped by Jake Allen with a rebound.
14:55 of 3rd period - Snap shot by Dylan Larkin.
14:55 of 3rd period - Stopped by Jake Allen with a rebound.
15:09 of 3rd period - Wrist shot by Miles Wood.
15:09 of 3rd period - Shot Blocked by Mark Borowiecki.
15:14 of 3rd period - Slapshot by Jake Evans.
15:14 of 3rd period - Stopped by Jake Allen without a rebound.
15:15 of 3rd period - Nick Suzuki wins face-off versus Tomas Nosek in Winnipeg Jets zone.
15:43 of 3rd period - Wrist shot by Miles Wood.
15:43 of 3rd period - Stopped by Jake Allen with a rebound.
15:51 of 3rd period - Wrist shot by Matty Beniers.
15:51 of 3rd period - Stopped by Jacob Markstrom with a rebound.
15:53 of 3rd period - Slapshot by Matty Beniers.
15:53 of 3rd period - Stopped by Jacob Markstrom without a rebound.
15:54 of 3rd period - Sidney Crosby wins face-off versus Connor McDavid in Montreal Canadiens zone.
16:09 of 3rd period - Snap shot by Ryan Nugent-Hopkins.
16:09 of 3rd period - Stopped by Jacob Markstrom with a rebound.
16:32 of 3rd period - Mathew Barzal is hit by Jake Evans and loses puck.
16:57 of 3rd period - Slapshot by Nick Suzuki.
16:57 of 3rd period - Shot Misses the Net.
17:05 of 3rd period - Snap shot by Miles Wood.
17:05 of 3rd period - Shot Blocked by Calen Addison.
17:51 of 3rd period - Slapshot by Dylan Larkin.
17:51 of 3rd period - Deflect By Patrik Laine.
17:51 of 3rd period - Shot Misses the Net.
17:51 of 3rd period - Puck is out of play.
17:52 of 3rd period - Matty Beniers wins face-off versus Dylan Larkin in Winnipeg Jets zone.
18:19 of 3rd period - Adam Fox is hit by Brandon Montour and loses puck.
18:33 of 3rd period - Slapshot by Tyler Toffoli.
18:33 of 3rd period - Shot Misses the Net.
18:51 of 3rd period - Snap shot by Ryan Nugent-Hopkins.
18:51 of 3rd period - Deflect By Connor McDavid.
18:51 of 3rd period - Stopped by Jacob Markstrom without a rebound.
18:52 of 3rd period - Martin Necas wins face-off versus Mathew Barzal in Montreal Canadiens zone.
19:01 of 3rd period - Mathew Barzal is hit by Scott Mayfield and loses puck.
19:18 of 3rd period - John Klingberg is hit by Miles Wood and loses puck.
Goals for this period are 1 for Montreal Canadiens vs 3 for Winnipeg Jets.
Shots for this period are 12 for Montreal Canadiens vs 16 for Winnipeg Jets.
Back to the Top